AoeStats
← nazgulknight

Arabia

509333714Analyzed
1v1 RM · 7d ago on Sep 26, 2026· 28m 36s· 2 players
Game mode
Random Map
Map size
Tiny (2 player)
Population
200
Speed
Normal
Resources
Standard
Victory
Conquest
Starting age
Dark Age
Ending age
Imperial Age
RankedLock teamsTeams togetherTeam positionsShared explorationLock speedFull tech treeHidden civsTurbo modeCheats
Victory
Defeat
🇬🇷 Saxons · Greece
890
+16
🇨🇿 Bohemians · Czechia
895
-16
nazgulknight
8:08 Loom
10:27 Feudal Age
16:49 Castle Age
15:28 Forging
16:05 Fletching
18:20 Padded Archer Armor
19:40 Scale Mail Armor
22:29 Bodkin Arrow
23:01 Chain Mail Armor
24:42 Double-Bit Axe
25:54 Leather Archer Armor
uhuku
10:26 Feudal Age
10:35 Loom
11:04 Double-Bit Axe
16:30 Fletching
19:59 Castle Age
17:43 Horse Collar
20:22 Crossbowman
21:00 Bodkin Arrow
22:21 Wheelbarrow
22:35 Bow Saw
24:38 Forging
27:25 Fervor
28:22 Hand Cart
Connection lost

Rejoining the realm…

Still unreachable

The connection could not be restored.

Session expired

The server has moved on; the page needs a fresh start.